 Dungeon Sprint DCSS version 0.26-a0-665-gefeb406119 (webtiles) character file.

Game seed: 13409674659297978910

21160 mhtbhm the Wrestler (level 12, -11/108 HPs)
             Began as a Ghoul Monk on Oct 14, 2020.
             Was the Champion of Makhleb.
             Mangled by Agnes
             ... wielding a +0 spectral lajatang
              (23 damage)
             ... in the Dungeon (Sprint IX: "|||||||||||||||||||||||||||||").
             The game lasted 00:05:42 (2223 turns).

mhtbhm the Wrestler (Ghoul Monk)                    Turns: 2223, Time: 00:05:43

Health: -11/108    AC: 15    Str: 20    XL:     12   Next: 87%
Magic:  11/11      EV: 18    Int:  5    God:    Makhleb [******]
Gold:   1178       SH:  0    Dex: 14    Spells: 11/11 levels left

rFire    . . .     SeeInvis .     - Unarmed
rCold    + . .     Faith    .   (no shield)
rNeg     + + +     Spirit   .   a - +0 troll leather armour
rPois    ∞         Reflect  .   v - +1 helmet
rElec    .         Harm     .   y - +1 cloak
rCorr    .         Rampage  .   n - +0 pair of gloves
MR       .....     NoTele   +   m - +0 pair of boots
Stlth    ++++......             (no amulet)
HPRegen  0.00/turn              k - +3 ring of dexterity
MPRegen  0.12/turn              l - +2 ring of protection

@: mighty
A: rotting body, claws 1, cold resistance 1, negative energy resistance 3,
inhibited regeneration, torment resistance, unbreathing
a: Minor Destruction, Lesser Servant of Makhleb, Major Destruction, Greater
Servant of Makhleb, Renounce Religion


You were in the Dungeon.
You worshipped Makhleb.
Makhleb was exalted by your worship.
You visited 1 branch You collected 1763 gold pieces.
You spent 585 gold pieces at shops.

Inventory:

Armour
 a - a +0 troll leather armour (worn)
 m - a +0 pair of boots (worn)
 n - a +0 pair of gloves (worn)
 v - a +1 helmet (worn)
 y - a +1 cloak (worn)
Jewellery
 k - a +3 ring of dexterity (left hand)
 l - a +2 ring of protection (right hand)
Wands
 j - a wand of iceblast (2)
Scrolls
 f - 2 scrolls of blinking
 h - 6 scrolls of remove curse
 i - 2 scrolls of amnesia
 q - 2 scrolls of fear
 r - a scroll of fog
 s - 2 scrolls of enchant armour
 t - 4 scrolls of identify
 u - a scroll of enchant weapon
Potions
 b - 9 potions of curing
 c - 4 potions of invisibility
 d - 2 potions of haste
 e - 4 potions of magic
 o - 4 potions of might
 p - 2 potions of stabbing
 x - a potion of resistance


   Skills:
 + Level 10.6 Fighting
 + Level 9.6 Armour
 + Level 10.7 Dodging
 + Level 9.7 Stealth
 + Level 25.3 Unarmed Combat
 + Level 4.3 Evocations


You had 11 spell levels left.
You didn't know any spells.
Your spell library was empty.

Dungeon Overview and Level Annotations

Branches:
Dungeon (1/1)

Altars:
Cheibriados
Dithmenos
Elyvilon
Fedhas
Gozag
Hepliaklqana
Kikubaaqudgha
Makhleb
Nemelex Xobeh
Okawaru
Qazlal
Ru
Sif Muna
Trog
Uskayaw
Vehumet
Wu Jian
Xom
Yredelemnul
Zin
The Shining One
Beogh
Jiyva
Lugonu

Shops:
D (!:!

Annotations:
D Agnes


Innate Abilities, Weirdness & Mutations

Your body is rotting away.
You thrive by killing the living.
You are immune to poison.
You have sharp fingernails.
Your flesh is cold resistant. (rC+)
You are immune to negative energy. (rN+++)
You do not regenerate when monsters are visible.
You are immune to unholy pain and torment.
You can survive without breathing.


Message History

You feel much better.
Agnes hits you with a +0 spectral lajatang!
* * * LOW HITPOINT WARNING * * *
You feel much better.
Agnes hits you with a +0 spectral lajatang!
* * * LOW HITPOINT WARNING * * *
Agnes hits you with a +0 spectral lajatang.
* * * LOW HITPOINT WARNING * * *
You miss Agnes. Your punch misses Agnes.
Agnes is heavily wounded.
You closely miss Agnes. You punch Agnes!
Agnes is severely wounded.
Agnes misses you.
You closely miss Agnes.
Agnes is severely wounded.
Agnes barely misses you.
You closely miss Agnes.
Agnes is severely wounded.
Agnes hits you with a +0 spectral lajatang!!
You die...

▓[▓.▓.▓.▓∩▓.▓)▓.♣
▓.▓.▓.▓.▓.▓.▓.▓.♣
▓.▓.▓.▓.▓∩▓.▓.▓.♣
▓.▓.▓.▓.▓.▓.▓.▓.♣
▓)▓.▓.▓.▓.▓.▓)▓.▓
▓.▓.▓.▓.▓÷▓.▓)▓.▓
▓.▓.▓.▓.▓[▓.▓(▓.▓
▓'▓.▓†▓.▓[▓.▓.▓.▓
▓_▓.▓.▓.▓'▓.▓.▓@▓
▓_▓.▓.▓.▓.▓.▓.▓i▓
▓_▓.▓.▓.▓.▓.▓.▓(▓
▓_▓.▓.▓.▓.▓.▓.▓.▓
▓_▓.▓†▓.▓.▓.▓!▓.▓
▓_▓.▓†▓.▓.▓.▓!▓.▓
▓_▓.▓.▓.▓)▓.▓.▓.▓
▓_▓.▓.▓.▓)▓.▓.▓.▓
▓_▓.▓.▓.▓)▓)▓.▓


You could see Agnes and a +0 spectral lajatang (summoned).

Vanquished Creatures
  A stone giant (D)
  2 ettins (D)
  4 ogre magi (D)
  A rakshasa (D)
  A catoblepas (D)
  4 death yaks (D)
  A deep troll shaman (D)
  3 deep trolls (D)
  An unseen horror (D)
  2 orc knights (D)
  A cyclops (D)
  A deep elf mage (D)
  2 orc sorcerers (D)
  Psyche (D)
  4 cane toads (D)
  A yaktaur (D)
  A komodo dragon (D)
  6 trolls (D)
  A wyvern (D)
  A wraith (D)
  Grum (D)
  4 yaks (D)
  A soldier ant (D)
  5 water moccasins (D)
  An ice beast (D)
  9 orc warriors (D)
  A black bear (D)
  A phantom (D)
  A sky beast (D)
  A necrophage (D)
  A boggart (D)
  4 wolves (D)
  2 centaurs (D)
  4 bullfrogs (D)
  A scorpion (D)
  2 wights (D)
  A hound (D)
  2 orc priests (D)
  4 orc wizards (D)
  A worker ant (D)
  An ufetubus (D)
  11 orcs (D)
  2 bat zombies (D)
  2 hobgoblins (D)
  A bat (D)
  2 kobolds (D)
  A quokka skeleton (D)
106 creatures vanquished.

Notes
Turn   | Place    | Note
-------+----------+-------------------------------------------
     0 | D        | mhtbhm the Ghoul Monk began the quest for the Orb.
     0 | D        | Reached XP level 1. HP: 19/19 MP: 0/0
   115 | D        | Noticed an orc wizard
   115 | D        | Noticed a scorpion
   129 | D        | Killed a scorpion
   129 | D        | Reached skill level 5 in Fighting
   129 | D        | Reached skill level 5 in Unarmed Combat
   129 | D        | Reached XP level 2. HP: 29/29 MP: 1/1
   129 | D        | Reached XP level 3. HP: 36/36 MP: 2/2
   132 | D        | Reached skill level 6 in Unarmed Combat
   132 | D        | Reached XP level 4. HP: 39/42 MP: 3/3
   149 | D        | Found a roughly hewn altar of Beogh.
   149 | D        | Found a snail-covered altar of Cheibriados.
   149 | D        | Found a shadowy altar of Dithmenos.
   149 | D        | Found a white marble altar of Elyvilon.
   149 | D        | Found a blossoming altar of Fedhas.
   149 | D        | Found an opulent altar of Gozag.
   150 | D        | Found a hazy altar of Hepliaklqana.
   159 | D        | Found a viscous altar of Jiyva.
   160 | D        | Found an ancient bone altar of Kikubaaqudgha.
   161 | D        | Found a corrupted altar of Lugonu.
   162 | D        | Found a burning altar of Makhleb.
   163 | D        | Found a sparkling altar of Nemelex Xobeh.
   164 | D        | Found an iron altar of Okawaru.
   165 | D        | Found a stormy altar of Qazlal.
   166 | D        | Found a sacrificial altar of Ru.
   167 | D        | Found a shimmering blue altar of Sif Muna.
   168 | D        | Found a bloodstained altar of Trog.
   169 | D        | Found a hide-covered altar of Uskayaw.
   170 | D        | Found a radiant altar of Vehumet.
   171 | D        | Found an ornate altar of the Wu Jian Council.
   172 | D        | Found a shimmering altar of Xom.
   173 | D        | Found a basalt altar of Yredelemnul.
   174 | D        | Found a glowing silver altar of Zin.
   175 | D        | Found a glowing golden altar of the Shining One.
   186 | D        | Became a worshipper of Makhleb the Destroyer
   186 | D        | Reached * piety under Makhleb
   186 | D        | Reached ** piety under Makhleb
   359 | D        | Noticed an orc warrior
   359 | D        | Noticed a necrophage
   359 | D        | Noticed a centaur
   364 | D        | Reached skill level 5 in Dodging
   364 | D        | Reached skill level 7 in Unarmed Combat
   372 | D        | Killed a centaur
   372 | D        | Reached skill level 8 in Unarmed Combat
   372 | D        | Reached XP level 5. HP: 51/51 MP: 4/4
   382 | D        | Reached skill level 9 in Unarmed Combat
   390 | D        | Killed a necrophage
   390 | D        | Reached *** piety under Makhleb
   390 | D        | Reached skill level 10 in Unarmed Combat
   390 | D        | Reached XP level 6. HP: 50/60 MP: 5/5
   409 | D        | Killed an orc warrior
   409 | D        | Reached skill level 1 in Armour
   409 | D        | Reached skill level 11 in Unarmed Combat
   592 | D        | Noticed a phantom
   592 | D        | Noticed a deep elf mage
   592 | D        | Noticed a cyclops
   599 | D        | Killed an unseen horror
   599 | D        | Reached **** piety under Makhleb
   599 | D        | Reached skill level 12 in Unarmed Combat
   599 | D        | Reached XP level 7. HP: 68/68 MP: 6/6
   603 | D        | Killed a cyclops
   603 | D        | Reached skill level 5 in Stealth
   603 | D        | Reached skill level 13 in Unarmed Combat
   603 | D        | Reached skill level 1 in Evocations
   603 | D        | Reached XP level 8. HP: 75/75 MP: 7/7
   624 | D        | Killed a deep elf mage
   624 | D        | Reached skill level 14 in Unarmed Combat
   818 | D        | Reached ***** piety under Makhleb
   818 | D        | Reached XP level 9. HP: 82/82 MP: 8/8
   825 | D        | Reached skill level 15 in Unarmed Combat
   832 | D        | Reached skill level 5 in Armour
   848 | D        | Reached skill level 16 in Unarmed Combat
   959 | D        | Noticed a cane toad
   959 | D        | Noticed a cane toad
   959 | D        | Noticed a komodo dragon
   959 | D        | Noticed a cane toad
   961 | D        | Noticed a cane toad
   963 | D        | Reached ****** piety under Makhleb
   972 | D        | Killed a cane toad
   978 | D        | Killed a komodo dragon
   980 | D        | Killed a cane toad
   980 | D        | Reached skill level 17 in Unarmed Combat
   983 | D        | Reached XP level 10. HP: 91/91 MP: 9/9
   992 | D        | Killed a cane toad
   996 | D        | Killed a cane toad
  1000 | D        | Reached skill level 18 in Unarmed Combat
  1047 | D        | Noticed a death yak
  1047 | D        | Noticed a death yak
  1047 | D        | Noticed a death yak
  1047 | D        | Noticed a death yak
  1052 | D        | Noticed a catoblepas
  1055 | D        | Killed a death yak
  1066 | D        | Killed a death yak
  1066 | D        | Reached skill level 19 in Unarmed Combat
  1071 | D        | Killed a death yak
  1105 | D        | Killed a death yak
  1105 | D        | Reached XP level 11. HP: 52/99 MP: 10/10
  1111 | D        | Killed a catoblepas
  1111 | D        | Reached skill level 20 in Unarmed Combat
  1285 | D        | Noticed an orc knight
  1300 | D        | Killed an orc knight
  1306 | D        | Reached skill level 21 in Unarmed Combat
  1339 | D        | Noticed an orc sorcerer
  1344 | D        | Paralysed by an orc sorcerer for 5 turns
  1348 | D        | Noticed an orc knight
  1351 | D        | Killed an orc sorcerer
  1365 | D        | Noticed an orc sorcerer
  1371 | D        | Noticed a sun demon
  1375 | D        | Killed an orc knight
  1375 | D        | Reached skill level 10 in Fighting
  1381 | D        | Killed an orc sorcerer
  1409 | D        | Found Itamm's Distillery.
  1409 | D        | Noticed a deep troll
  1409 | D        | Noticed a deep troll
  1409 | D        | Noticed an ogre mage
  1419 | D        | Killed an ogre mage
  1419 | D        | Reached skill level 22 in Unarmed Combat
  1423 | D        | Killed a deep troll
  1424 | D        | Found Pofur's Book Shop.
  1431 | D        | Killed a deep troll
  1445 | D        | Reached skill level 23 in Unarmed Combat
  1575 | D        | Found Pang's Distillery.
  1579 | D        | Found Weeruur's Weapon Shop.
  1581 | D        | Noticed an ogre mage
  1582 | D        | Noticed an ogre mage
  1583 | D        | Noticed a deep troll
  1584 | D        | Noticed an ettin
  1590 | D        | Killed an ogre mage
  1590 | D        | Reached XP level 12. HP: 106/106 MP: 11/11
  1596 | D        | Killed an ogre mage
  1611 | D        | Killed an ettin
  1611 | D        | Reached skill level 10 in Dodging
  1683 | D        | Bought 2 potions of might for 88 gold pieces
  1683 | D        | Bought a potion of resistance for 110 gold pieces
  1691 | D        | Bought a potion of invisibility for 96 gold pieces
  1691 | D        | Bought a potion of invisibility for 96 gold pieces
  1691 | D        | Bought a potion of invisibility for 96 gold pieces
  1695 | D        | Bought a potion of curing for 33 gold pieces
  1695 | D        | Bought a potion of curing for 33 gold pieces
  1695 | D        | Bought a potion of curing for 33 gold pieces
  1712 | D        | Noticed Psyche
  1718 | D        | Killed Psyche
  1718 | D        | Reached skill level 24 in Unarmed Combat
  1750 | D        | Noticed Grum
  1763 | D        | Killed Grum
  1912 | D        | Noticed a deep troll shaman
  1925 | D        | Noticed a rakshasa
  1929 | D        | Killed a deep troll shaman
  1931 | D        | Noticed a stone giant
  1932 | D        | Noticed an ettin
  1940 | D        | Noticed an ogre mage
  1942 | D        | Killed a rakshasa
  1946 | D        | Killed a stone giant
  1950 | D        | Killed an ettin
  1950 | D        | Reached skill level 25 in Unarmed Combat
  1957 | D        | Killed an ogre mage
  2198 | D        | Noticed Agnes
  2223 | D        | Mangled by Agnes

Illustrated notes

Levels and vault maps discovered:
D:        linesprint [early_d, line_temple, items_1, d_10, items_2, lair_1,
          lair_end, items_3, orc_1, orc_end, items_4, d_15, swamp_1, shoals_1,
          snake_1, spider_1, d_20, vaults_1, items_5, swamp_end, shoals_end,
          snake_end, spider_end, vaults_end, d_27, items_6, zot_1, zot_end,
          crypt_end, forest_end, elf_end, slime_end, tomb_end, abyss_end,
          pan_hell_end]

Skill      XL: |  1  2  3  4  5  6  7  8  9 10 11 12 |
---------------+-------------------------------------+-----
Dodging        | 4 6 7 8 9 10 | 10.7
Fighting       | 5 6 7 8 9 10 | 10.6
Unarmed Combat | 5 6 8 10 12 13 14 17 19 23 25 | 25.3
Stealth        | 3 4 5 6 7 8 9 |  9.7
Armour         | 2 3 4 6 7 9 |  9.6
Evocations     | 1 2 3 4 |  4.3

Action                   |  1- 3 |  4- 6 |  7- 9 | 10-12 || total
-------------------------+-------+-------+-------+-------++-------
Melee: Unarmed           |    20 |    66 |    91 |   269 ||   446
       Punch             |       |     3 |     8 |    41 ||    52
Evoke: Wand              |       |     1 |     5 |     2 ||     8
  Use: Potion            |     1 |     2 |       |     4 ||     7
 Stab: Sleeping          |       |     1 |       |     1 ||     2
       Distracted        |       |       |     1 |       ||     1
       Petrifying        |       |       |       |     1 ||     1
       Petrified         |       |       |       |     1 ||     1
Armor: Robe              |     1 |     2 |       |       ||     3
       Ring mail         |       |    10 |    24 |    31 ||    65
       Troll leather arm |       |       |       |    11 ||    11
Dodge: Dodged            |    15 |    37 |    37 |   110 ||   199

Table legend: (Time is in decaauts)
 A = Elapsed time spent in this place.
 B = Non-inter-level travel time spent in this place.
 C = Inter-level travel time spent in this place.
 D = Time resting spent in this place.
 E = Time spent auto-exploring this place.
 F = Levels seen in this place.
 G = Mean time per level.
                   A        B        C        D        E       F      G
               +--------+--------+--------+--------+--------+-----+--------+
         Total |   2077 |   2077 |      0 |    849 |    284 |   1 | 2077.0 |
       Dungeon |   2077 |   2077 |      0 |    849 |    284 |   1 | 2077.0 |
               +--------+--------+--------+--------+--------+-----+--------+

Top non-repeatable levels by time:
       D: 2077 daAuts
